SAAA
AUGUSTA TIMBER HAWKS @ VERMONT LAKE MONSTERS
07/27/2024
 
TOP OF THE 1ST
Augusta Timber Hawks batting - Pitching for Vermont Lake Monsters : RHP Jim Unknown
Pitching: RHP Jim Unknown
Batting: SHB Manuel González 0-0: Ball
1-0: Fly out, F7 (Flyball, 7LM)
Batting: LHB Mike Hanson 0-0: Called Strike
0-1: Foul Ball, location: 2F
0-2: Ball
1-2: Ball
2-2: Fly out, F9 (Flyball, 9M)
Batting: RHB Bob Sargent 0-0: Ball
1-0: Ball
2-0: Foul Ball, location: 2F
2-1: Ball
3-1: Base on Balls
Batting: LHB Brad Lawrence 0-0: Ball
1-0: Foul Ball, location: 2F
1-1: Called Strike
1-2: Foul Ball, location: 2F
1-2: Fly out, F7 (Flyball, 78M)
Top of the 1st over - 0 run(s), 0 hit(s), 0 error(s), 1 left on base; Augusta 0 - Vermont 0
BOTTOM OF THE 1ST
Vermont Lake Monsters batting - Pitching for Augusta Timber Hawks : RHP Luis Zaragoza
Pitching: RHP Luis Zaragoza
Batting: RHB Bronson Nicholls 0-0: Ball
1-0: Ball
2-0: Called Strike
2-1: Ball
3-1: Called Strike
3-2: Strikes out swinging
Batting: RHB Ray John 0-0: Ball
1-0: Ground out 4-3 (Groundball, 4)
Batting: RHB Sean MacKnight 0-0: Ball
1-0: Foul Ball, location: 2F
1-1: Fly out, F9 (Flyball, 89D)
Bottom of the 1st over - 0 run(s), 0 hit(s), 0 error(s), 0 left on base; Augusta 0 - Vermont 0
TOP OF THE 2ND
Augusta Timber Hawks batting - Pitching for Vermont Lake Monsters : RHP Jim Unknown
Batting: LHB Juan Gabriel 0-0: Ball
1-0: Called Strike
1-1: Fly out, F4 (Line Drive, 4)
Batting: RHB Domingo Calderón 0-0: Ball
1-0: Ball
2-0: Ground out 6-3 (Groundball, 6M)
Batting: RHB Enrique Pimentel 0-0: Ground out 5-3 (Groundball, 5)
Top of the 2nd over - 0 run(s), 0 hit(s), 0 error(s), 0 left on base; Augusta 0 - Vermont 0
BOTTOM OF THE 2ND
Vermont Lake Monsters batting - Pitching for Augusta Timber Hawks : RHP Luis Zaragoza
Batting: RHB Teddy Pelham 0-0: Ball
1-0: Foul Ball, location: 2F
1-1: SINGLE (Line Drive, 89S)
Batting: RHB Floyd Mitchell 0-0: SINGLE (Groundball, 56D)
Teddy Pelham to second
Batting: RHB Chuck Wolf 0-0: Ball
1-0: Called Strike
1-1: Foul Ball, location: 2F
1-2: Foul Ball, location: 2F
1-2: Foul Ball, location: 2F
1-2: Strikes out swinging
Batting: RHB Domenic Gallard 0-0: Ball
1-0: Foul Ball, location: 2F
1-1: Fly out, F8 (Flyball, 8RD)
Runner from 2nd tags up, SAFE at 3rd, no throw
Batting: LHB Mike Blue 0-0: Ball
1-0: Foul Ball, location: 2F
1-1: Foul Ball, location: 2F
1-2: Ball
2-2: Ball
3-2: Foul Ball, location: 2F
3-2: Base on Balls
Floyd Mitchell to second
Batting: RHB Fernando Castro 0-0: Ball
1-0: Ball
2-0: Called Strike
2-1: SINGLE (Line Drive, 8LS)
Teddy Pelham scores
Floyd Mitchell to third
Mike Blue to second
Runner from 3rd tries for Home, SAFE, no throw or cutoff
Batting: RHB Bronson Nicholls 0-0: Ball
1-0: Ball
2-0: Ball
3-0: Base on Balls
Mike Blue to third
Fernando Castro to second
Batting: RHB Ray John 0-0: Called Strike
0-1: Ball
1-1: Swinging Strike
1-2: Fly out, F8 (Flyball, 8RM)
Bottom of the 2nd over - 2 run(s), 3 hit(s), 0 error(s), 3 left on base; Augusta 0 - Vermont 2
TOP OF THE 3RD
Augusta Timber Hawks batting - Pitching for Vermont Lake Monsters : RHP Jim Unknown
Batting: RHB Ralph McKnight 0-0: Ball
1-0: Ball
2-0: Called Strike
2-1: Called Strike
2-2: Strikes out swinging
Batting: RHB Marlon Cummins 0-0: Ball
1-0: Called Strike
1-1: SINGLE (Groundball, 5D)
Batting: SHB Manuel González 0-0: Ball
Throwing error on steal attempt, E2
Marlon Cummins to third
1-0: SINGLE (Line Drive, 7S)
Marlon Cummins scores
Batting: LHB Mike Hanson 0-0: Ball
1-0: Called Strike
1-1: Ball
2-1: Foul Ball, location: 2F
2-2: Ball
3-2: Fielders Choice at 2nd, 4-6 (Groundball, 4)
Batting: RHB Bob Sargent 0-0: Ball
1-0: Ball
2-0: Ball
3-0: Called Strike
3-1: Base on Balls
Mike Hanson to second
Batting: LHB Brad Lawrence 0-0: Ball
1-0: Foul Ball, location: 2F
1-1: Foul Ball, location: 2F
1-2: Fly out, F7 (Flyball, 7M)
Top of the 3rd over - 1 run(s), 2 hit(s), 1 error(s), 2 left on base; Augusta 1 - Vermont 2
BOTTOM OF THE 3RD
Vermont Lake Monsters batting - Pitching for Augusta Timber Hawks : RHP Luis Zaragoza
Batting: RHB Sean MacKnight 0-0: Ball
1-0: Called Strike
1-1: Ball
2-1: DOUBLE (Line Drive, 8LXD)
Batting: RHB Teddy Pelham 0-0: Foul Ball, location: 2F
0-1: Ball
1-1: Swinging Strike
1-2: Foul Ball, location: 2F
1-2: Ground out 4-3 (Groundball, 4)
Sean MacKnight to third
Batting: RHB Floyd Mitchell 0-0: Ball
1-0: Foul Ball, location: 2F
1-1: Called Strike
1-2: Ball
2-2: Foul Ball, location: 2F
2-2: Ball
3-2: Base on Balls
Batting: RHB Chuck Wolf 0-0: Ball
1-0: Foul Ball, location: 2F
1-1: Ball
2-1: Foul Ball, location: 2F
2-2: Fielders Choice at 2nd, 5-4 (Groundball, 6)
Sean MacKnight scores
Batting: RHB Domenic Gallard 0-0: Ball
1-0: Foul Ball, location: 2F
1-1: Ball
2-1: Ball
3-1: Base on Balls
Chuck Wolf to second
Batting: LHB Mike Blue 0-0: Swinging Strike
0-1: Called Strike
0-2: Fly out, F8 (Flyball, 8LM)
Bottom of the 3rd over - 1 run(s), 1 hit(s), 0 error(s), 2 left on base; Augusta 1 - Vermont 3
TOP OF THE 4TH
Augusta Timber Hawks batting - Pitching for Vermont Lake Monsters : RHP Jim Unknown
Batting: LHB Juan Gabriel 0-0: Ball
1-0: Ball
2-0: Ground out 6-3 (Groundball, 6M)
Batting: RHB Domingo Calderón 0-0: Ball
1-0: Ball
2-0: Ball
3-0: Called Strike
3-1: Foul Ball, location: 2F
3-2: Base on Balls
Batting: RHB Enrique Pimentel 0-0: Called Strike
0-1: Ball
1-1: Swinging Strike
1-2: Foul Ball, location: 2F
1-2: SINGLE (Line Drive, 89S)
Domingo Calderón to second
Batting: RHB Ralph McKnight 0-0: Ball
1-0: Ball
2-0: Called Strike
2-1: Ball
3-1: Foul Ball, location: 2F
3-2: Base on Balls
Domingo Calderón to third
Enrique Pimentel to second
Batting: RHB Marlon Cummins 0-0: Called Strike
0-1: Swinging Strike
0-2: Grounds into double play, 6-4-3 (Groundball, 6)
Top of the 4th over - 0 run(s), 1 hit(s), 0 error(s), 2 left on base; Augusta 1 - Vermont 3
BOTTOM OF THE 4TH
Vermont Lake Monsters batting - Pitching for Augusta Timber Hawks : RHP Luis Zaragoza
Batting: RHB Fernando Castro 0-0: Ball
1-0: Ball
2-0: Foul Ball, location: 2F
2-1: Ball
3-1: Base on Balls
Batting: RHB Bronson Nicholls 0-0: Ball
1-0: Foul Ball, location: 2F
1-1: Called Strike
1-2: DOUBLE (Groundball, 5L)
Fernando Castro to third
Batting: RHB Ray John 0-0: Called Strike
0-1: Foul Ball, location: 2F
0-2: Ball
1-2: Fly out, F9 (Flyball, 9LDF)
Runner from 3rd tags up, SCORES, no throw
Batting: RHB Sean MacKnight 0-0: Ball
1-0: Called Strike
1-1: Ball
2-1: Ball
3-1: Foul Ball, location: 2F
3-2: Strikes out looking
Pitching: RHP Connor Dale
Batting: RHB Teddy Pelham 0-0: Called Strike
Bronson Nicholls is caught stealing 3rd base
Bottom of the 4th over - 1 run(s), 1 hit(s), 0 error(s), 0 left on base; Augusta 1 - Vermont 4
TOP OF THE 5TH
Augusta Timber Hawks batting - Pitching for Vermont Lake Monsters : RHP Jim Unknown
Batting: SHB Manuel González 0-0: Ball
1-0: Called Strike
1-1: Ground out 4-3 (Groundball, 4)
Batting: LHB Mike Hanson 0-0: Called Strike
0-1: Ball
1-1: Swinging Strike
1-2: Foul Ball, location: 2F
1-2: Strikes out looking
Batting: RHB Bob Sargent 0-0: Foul Ball, location: 2F
0-1: Ball
1-1: Fly out, F9 (Flyball, 9S)
Top of the 5th over - 0 run(s), 0 hit(s), 0 error(s), 0 left on base; Augusta 1 - Vermont 4
BOTTOM OF THE 5TH
Vermont Lake Monsters batting - Pitching for Augusta Timber Hawks : RHP Connor Dale
Batting: RHB Teddy Pelham 0-0: Ball
1-0: Foul Ball, location: 2F
1-1: Foul Ball, location: 2F
1-2: Strikes out swinging
Batting: RHB Floyd Mitchell 0-0: Ball
1-0: Ball
2-0: Ball
3-0: Base on Balls
Batting: RHB Chuck Wolf 0-0: SINGLE (Line Drive, 8RS)
Floyd Mitchell to second
Batting: RHB Domenic Gallard 0-0: Called Strike
0-1: Ball
1-1: Foul Ball, location: 2F
1-2: Strikes out looking
Batting: LHB Mike Blue 0-0: Ball
1-0: Foul Ball, location: 2F
1-1: Foul Ball, location: 2F
1-2: Fly out, F7 (Flyball, 7LM)
Bottom of the 5th over - 0 run(s), 1 hit(s), 0 error(s), 2 left on base; Augusta 1 - Vermont 4
TOP OF THE 6TH
Augusta Timber Hawks batting - Pitching for Vermont Lake Monsters : RHP Jim Unknown
Batting: LHB Brad Lawrence 0-0: SINGLE (Line Drive, 6MD)
Batting: LHB Juan Gabriel 0-0: Ball
1-0: Called Strike
1-1: Called Strike
1-2: Strikes out swinging
Batting: RHB Domingo Calderón 0-0: Called Strike
0-1: Ball
1-1: Foul Ball, location: 2F
1-2: Foul Ball, location: 2F
1-2: Strikes out looking
Batting: RHB Enrique Pimentel 0-0: Ball
1-0: Ball
Brad Lawrence steals 2nd base
2-0: Called Strike
2-1: Ground out 5-3 (Groundball, 5S)
Top of the 6th over - 0 run(s), 1 hit(s), 0 error(s), 1 left on base; Augusta 1 - Vermont 4
BOTTOM OF THE 6TH
Vermont Lake Monsters batting - Pitching for Augusta Timber Hawks : RHP Connor Dale
Batting: RHB Fernando Castro 0-0: Ball
1-0: Ball
2-0: Fly out, F2 (Popup, 23F)
Batting: RHB Bronson Nicholls 0-0: Called Strike
0-1: Swinging Strike
0-2: Ground out 4-3 (Groundball, 34)
Batting: RHB Ray John 0-0: Foul Ball, location: 2F
0-1: Foul Ball, location: 2F
0-2: Foul Ball, location: 2F
0-2: Foul Ball, location: 2F
0-2: Ground out 1-3 (Groundball, 15)
Bottom of the 6th over - 0 run(s), 0 hit(s), 0 error(s), 0 left on base; Augusta 1 - Vermont 4
TOP OF THE 7TH
Augusta Timber Hawks batting - Pitching for Vermont Lake Monsters : RHP Jim Unknown
Batting: RHB Ralph McKnight 0-0: Ball
1-0: Called Strike
1-1: Swinging Strike
1-2: Ball
2-2: Ball
3-2: Foul Ball, location: 2F
3-2: Base on Balls
Batting: RHB Marlon Cummins 0-0: Called Strike
0-1: Ball
1-1: Ball
2-1: Sac Bunt - play at first, batter OUT! 1-4
Ralph McKnight to second
Pitching: RHP Alberto Robles
Batting: SHB Manuel González 0-0: Called Strike
Ralph McKnight is caught stealing 3rd base
0-1: Ball
1-1: Ball
2-1: Foul Ball, location: 2F
2-2: Ball
3-2: Fly out, F4 (Line Drive, 4)
Top of the 7th over - 0 run(s), 0 hit(s), 0 error(s), 0 left on base; Augusta 1 - Vermont 4
BOTTOM OF THE 7TH
Vermont Lake Monsters batting - Pitching for Augusta Timber Hawks : RHP Connor Dale
Batting: RHB Sean MacKnight 0-0: Ball
1-0: Ground out 5-3 (Groundball, 5L)
Batting: RHB Teddy Pelham 0-0: Ball
1-0: Called Strike
1-1: Called Strike
1-2: Foul Ball, location: 2F
1-2: Ball
2-2: SINGLE (Groundball, 4MD)
Batting: RHB Floyd Mitchell 0-0: SINGLE (Flyball, 8RS)
Teddy Pelham to second
Runner from 2nd tries for 3rd, SAFE, throw made to third
Batting: RHB Chuck Wolf 0-0: SINGLE (Flyball, 8RS)
Teddy Pelham scores
Floyd Mitchell to second
Batting: RHB Domenic Gallard 0-0: Called Strike
0-1: Foul Ball, location: 2F
0-2: Ball
1-2: Strikes out looking
Batting: LHB Mike Blue 0-0: Swinging Strike
0-1: Called Strike
0-2: Strikes out swinging
Bottom of the 7th over - 1 run(s), 3 hit(s), 0 error(s), 2 left on base; Augusta 1 - Vermont 5
TOP OF THE 8TH
Augusta Timber Hawks batting - Pitching for Vermont Lake Monsters : RHP Alberto Robles
Batting: LHB Mike Hanson 0-0: Fly out, F7 (Flyball, 7LS)
Batting: RHB Bob Sargent 0-0: Called Strike
0-1: Foul Ball, location: 2F
0-2: Fly out, F6 (Line Drive, 56)
Batting: LHB Brad Lawrence 0-0: Ball
1-0: Ball
2-0: Foul Ball, location: 2F
2-1: Called Strike
2-2: Ball
3-2: Base on Balls
Batting: LHB Juan Gabriel 0-0: Fly out, F7 (Flyball, 7M)
Top of the 8th over - 0 run(s), 0 hit(s), 0 error(s), 1 left on base; Augusta 1 - Vermont 5
BOTTOM OF THE 8TH
Vermont Lake Monsters batting - Pitching for Augusta Timber Hawks : RHP Connor Dale
Batting: RHB Fernando Castro 0-0: Ball
1-0: Ball
2-0: Ball
3-0: Called Strike
3-1: Base on Balls
Batting: RHB Bronson Nicholls 0-0: Ball
1-0: Swinging Strike
1-1: Ball
2-1: Ball
3-1: Ball
Fernando Castro to second
Batting: RHB Ray John 0-0: Ball
1-0: Sac Bunt - play at first, batter OUT! 1-4
Fernando Castro to third
Bronson Nicholls to second
Batting: RHB Sean MacKnight 0-0: Intentional Walk
Batting: RHB Teddy Pelham 0-0: Foul Ball, location: 2F
0-1: Ball
1-1: Foul Ball, location: 2F
1-2: Foul Ball, location: 2F
1-2: Ground out 5-3 (Groundball, 56S)
Fernando Castro scores
Bronson Nicholls to third
Sean MacKnight to second
Batting: RHB Floyd Mitchell 0-0: Ball
1-0: Ball
2-0: SINGLE (Groundball, 56D)
Bronson Nicholls scores
Sean MacKnight to third
Runner from 3rd tries for Home, SAFE, no throw or cutoff
Pitching: RHP Norm Burris
Batting: RHB Chuck Wolf 0-0: Called Strike
0-1: Ball
1-1: Ball
2-1: Ball
3-1: Fielders Choice at 2nd, U4 (Groundball, 4M)
Bottom of the 8th over - 3 run(s), 1 hit(s), 0 error(s), 1 left on base; Augusta 1 - Vermont 8
TOP OF THE 9TH
Augusta Timber Hawks batting - Pitching for Vermont Lake Monsters : RHP Alberto Robles
Batting: RHB Domingo Calderón 0-0: Ball
1-0: Ball
2-0: Called Strike
2-1: Swinging Strike
2-2: Ball
3-2: Foul Ball, location: 2F
3-2: Base on Balls
Batting: RHB Enrique Pimentel 0-0: Foul Ball, location: 2F
0-1: Fielders Choice at 2nd, 3-6 (Groundball, 3)
Batting: RHB Ralph McKnight 0-0: Ball
1-0: Ball
2-0: Ball
3-0: Called Strike
3-1: Fielders Choice at 2nd, 1-6 (Groundball, 13)
Batting: RHB Marlon Cummins 0-0: Called Strike
0-1: Ball
1-1: Ball
2-1: Ball
3-1: Base on Balls
Ralph McKnight to second
Batting: SHB Manuel González 0-0: Ball
1-0: Fielders Choice at 2nd, U6 (Groundball, 6M)
Top of the 9th over - 0 run(s), 0 hit(s), 0 error(s), 2 left on base; Augusta 1 - Vermont 8
This league is powered by Out of the Park Baseball, the baseball management simulation game for PC, Mac and Linux
Monday, October 3rd, 2016 - OOTP Baseball 16.9 Build 39